 Dungeon Crawl Stone Soup version 0.28.0 (webtiles) character file.

Game seed: 11061571383825685161

7798 crazypyro the Cleaver (level 11, -2/91 HPs)
             Began as a Minotaur Fighter on Feb 8, 2022.
             Was a Priest of Makhleb.
             Slain by an orc knight (20 damage)
             ... on level 2 of the Orcish Mines.
             The game lasted 00:11:08 (7305 turns).

crazypyro the Cleaver (Minotaur Fighter)            Turns: 7305, Time: 00:11:09

Health: -2/91      AC: 17    Str: 26    XL:     11   Next: 1%
Magic:  14/14      EV:  8    Int:  5    God:    Makhleb [***...]
Gold:   684        SH:  9    Dex: 11    Spells: 10/10 levels left

rFire   . . .      SeeInvis .   j - +1 war axe (vamp)
rCold   . . .      Faith    .   J - +0 kite shield
rNeg    . . .      Spirit   .   M - +0 plate armour
rPois   .          Reflect  .   n - +2 hat
rElec   .          Harm     .   K - scarf {shadows}
rCorr   .          Rampage  .   q - +0 pair of gloves
Will    +....                   e - +0 pair of boots of Immorality {Regen+ Str+2}
Stlth   ..........              x - amulet of regeneration
HPRegen 1.85/turn               B - ring of willpower
MPRegen 0.14/turn               (no ring)

@: no status effects
A: horns 2, retaliatory headbutt
a: Renounce Religion, Minor Destruction, Lesser Servant of Makhleb


You were on level 2 of the Orcish Mines.
You worshipped Makhleb.
Makhleb was most pleased with you.
You visited 3 branches of the dungeon, and saw 12 of its levels.

You collected 684 gold pieces.

Inventory:

Hand Weapons
 a - a +0 war axe
 j - a +1 vampiric war axe (weapon)
Missiles
 h - 3 throwing nets (quivered)
Armour
 b - a +0 scale mail
 c - a +0 buckler
 e - the +0 pair of boots of Immorality (worn) {Regen+ Str+2}
   (You found it on level 2 of the Dungeon)

   Str:       It affects your strength (+2).
   Regen:     It increases your rate of health regeneration.
 n - a +2 hat (worn)
 q - a +0 pair of gloves (worn)
 z - a +2 leather armour of fire resistance
 J - a +0 kite shield (worn)
 K - a scarf of shadows (worn)
 M - a +0 plate armour (worn)
Jewellery
 g - an amulet of magic regeneration
 v - a ring of wizardry
 x - an amulet of regeneration (around neck)
 B - a ring of willpower (left hand)
Wands
 k - a wand of flame (19)
 w - a wand of paralysis (18)
 C - a wand of polymorph (8)
 D - a wand of acid (7)
 I - a wand of digging (4)
Scrolls
 f - 7 scrolls of identify {unknown}
 m - 5 scrolls of teleportation {unknown}
 t - a scroll of amnesia {unknown}
 u - a scroll of fog {unknown}
 y - a scroll of brand weapon {unknown}
 A - a scroll of silence {unknown}
 F - a scroll of summoning {unknown}
 G - a scroll of fear
 H - a scroll of enchant armour {unknown}
 L - a scroll of vulnerability {unknown}
Potions
 d - 2 potions of might
 i - 2 potions of ambrosia {unknown}
 l - a potion of degeneration {unknown}
 o - 3 potions of flight
 p - 4 potions of heal wounds {unknown}
 r - 2 potions of brilliance {unknown}
 s - a potion of lignification {unknown}
 E - 3 potions of curing {unknown}


   Skills:
 - Level 6.4 Fighting
 * Level 13.5 Axes
 - Level 6.2 Armour
 + Level 8.6 Dodging
 - Level 6.4 Shields
 + Level 6.4 Invocations


You had 10 spell levels left.
You didn't know any spells.
Your spell library contained the following spells:

 Spells                   Type           Power      Damage    Failure   Level
 Summon Small Mammal      Summ           0%         N/A       100%        1
 Call Canine Familiar     Summ           0%         N/A       100%        3
 Ignite Poison            Fire/Tmut/Pois 0%         N/A       100%        3
 Mephitic Cloud           Conj/Pois/Air  0%         N/A       100%        3
 Summon Guardian Golem    Hex/Summ       0%         N/A       100%        3
 Petrify                  Tmut/Erth      0%         N/A       100%        4
 Freezing Cloud           Conj/Ice/Air   0%         6-21      100%        5
 Metabolic Englaciation   Hex/Ice        0%         N/A       100%        5
 Statue Form              Tmut/Erth      0%         N/A       100%        6


Dungeon Overview and Level Annotations

Branches:
Dungeon (9/15)             Temple (1/1) D:4            Lair (0/6) D:9
    Orc (2/2) D:9
    Elf: Orc:2

Altars:
Ashenzari
Cheibriados
Dithmenos
Fedhas
Gozag
Hepliaklqana
Kikubaaqudgha
Makhleb
Nemelex Xobeh
Okawaru
Qazlal
Sif Muna
Uskayaw
Vehumet
Wu Jian
Xom
The Shining One
Beogh


Innate Abilities, Weirdness & Mutations

You have a pair of horns on your head.
You reflexively headbutt those who attack you in melee.


Message History

There are monsters nearby!
The orc knight roars a battlecry!
The orc wizard goes into a battle-frenzy!
Things that are here:
a +0 leather armour; a +0 club The orc wizard casts a spell at you.
The magic dart hits you.
The orc knight shoots a bolt.
The bolt closely misses you.
The orc knight shoots a bolt.
The bolt closely misses you. You block the orc wizard's attack.
You slice the orc wizard!!
You kill the orc wizard!
Makhleb accepts your kill.
You feel better.
The orc knight shoots a bolt.
You block the bolt.
The orc knight shoots a bolt.
The bolt hits you.
The orc knight unwields a +0 arbalest.
The orc knight wields a +0 great sword.
The orc knight closely misses you.
You hit the orc knight.
The orc knight is lightly wounded.
You hit the orc knight but do no damage.
The orc knight is lightly wounded.
The orc knight hits you with a +0 great sword!!
You slash the orc knight!
You feel better.
Your headbutt misses the orc knight.
The orc knight is lightly wounded.
The orc knight hits you with a +0 great sword!
The orc knight barely misses you.
You closely miss the orc knight. Your headbutt misses the orc knight.
The orc knight is lightly wounded.
The orc knight barely misses you.
You hit the orc knight.
The orc knight is moderately wounded.
The orc knight hits you with a +0 great sword!!
You barely miss the orc knight. Your headbutt misses the orc knight.
The orc knight is moderately wounded.
The orc knight hits you with a +0 great sword!
* * * LOW HITPOINT WARNING * * *
You barely miss the orc knight. You headbutt the orc knight.
The orc knight is moderately wounded.
The orc knight hits you with a +0 great sword!!
You die...

.......#.... ### ............
##.## ............. #...##
##............ # .....#
##............#.## .....###
##...o............ .......##
#.....@........#.## ........#
##......).....#...# o#.....##
###.....[...##..## .......##
#................#
...#....####........[.......###
#.#....#.##.......#..)[.).....##
####....o.#.......###[..<......##
###.#........#####...[.......#
######........###...........


You could see an orc knight.

Vanquished Creatures
  An orc high priest (Orc:2)
  Pikel (D:6)
  An orc knight (Orc:1)
  A manticore (D:9)
  3 trolls
  A hornet (D:8)
  3 yaks (D:8)
  A steam dragon (D:8)
  An acid dragon (D:9)
  A warg (Orc:1)
  4 orc warriors
  A sky beast (D:8)
  A black bear (D:4)
  2 necrophages
  4 centaurs
  4 wolves (D:9)
  3 kobold brigands
  A scorpion (D:5)
  5 bullfrogs
  2 gnoll sergeants
  A wyvern zombie (D:7)
  A wyvern skeleton (D:7)
  A howler monkey (D:8)
  5 electric eels (D:9)
  3 centaur zombies
  2 gnoll shamans
  6 orc priests
  5 hounds
  2 jellies (D:6)
  Jessica (D:2)
  2 iguanas
  9 orc wizards
  A killer bee zombie (D:7)
  A hound skeleton (D:5)
  A howler monkey zombie (D:6)
  25 gnolls
  A howler monkey skeleton (D:3)
  3 adders
  2 white imps (D:6)
  2 ufetubi
  An adder skeleton (D:4)
  A worm (D:2)
  A dart slug (D:5)
  27 orcs
  3 ball pythons
  4 endoplasms
  2 giant cockroaches (D:1)
  4 goblins
  5 hobgoblins
  11 jackals
  2 quokkas
  3 bats
  3 frilled lizards
  25 kobolds
  6 rats
213 creatures vanquished.

Vanquished Creatures (collateral kills)
  A hydra (D:9)
1 creature vanquished.

Grand Total: 214 creatures vanquished

Notes
Turn   | Place    | Note
-------+----------+-------------------------------------------
     0 | D:1      | crazypyro the Minotaur Fighter began the quest for the Orb.
     0 | D:1      | Reached XP level 1. HP: 19/19 MP: 0/0
   338 | D:1      | Reached XP level 2. HP: 23/27 MP: 1/1
   727 | D:1      | Reached skill level 3 in Axes
  1022 | D:2      | Reached XP level 3. HP: 25/33 MP: 2/2
  1150 | D:2      | Reached skill level 1 in Dodging
  1304 | D:2      | Reached XP level 4. HP: 17/40 MP: 3/3
  1567 | D:2      | Noticed Jessica
  1572 | D:2      | Killed Jessica
  1583 | D:2      | Identified the +0 pair of boots of Immorality {Regen+
                  | Str+2}
  2184 | D:3      | Reached skill level 4 in Axes
  2186 | D:3      | Reached XP level 5. HP: 39/46 MP: 4/4
  2214 | D:3      | You fall into a shaft and drop 3 floors!
  2398 | D:6      | Noticed Pikel
  2406 | D:6      | Killed Pikel
  2407 | D:6      | Reached skill level 5 in Fighting
  2407 | D:6      | Reached skill level 5 in Axes
  2407 | D:6      | Reached skill level 5 in Armour
  2407 | D:6      | Reached skill level 5 in Shields
  2407 | D:6      | Reached XP level 6. HP: 22/56 MP: 5/5
  2407 | D:6      | Reached XP level 7. HP: 24/61 MP: 6/6
  2536 | D:5      | Entered Level 5 of the Dungeon
  2576 | D:5      | Found a hazy altar of Hepliaklqana.
  2601 | D:5      | Reached skill level 6 in Axes
  3191 | D:3      | Found a faded altar of an unknown god.
  3267 | D:4      | Found a staircase to the Ecumenical Temple.
  3288 | Temple   | Entered the Ecumenical Temple
  3292 | Temple   | Became a worshipper of Makhleb the Destroyer
  3373 | D:4      | Reached XP level 8. HP: 70/70 MP: 7/7
  3678 | D:5      | Reached skill level 7 in Axes
  3716 | D:5      | Found a radiant altar of Vehumet.
  4037 | D:6      | Reached * piety under Makhleb
  4110 | D:6      | Found a blossoming altar of Fedhas.
  4314 | D:6      | Reached skill level 8 in Axes
  4382 | D:6      | Reached skill level 1 in Invocations
  4631 | D:7      | Reached skill level 5 in Dodging
  4848 | D:7      | Reached XP level 9. HP: 78/78 MP: 9/9
  4874 | D:7      | Reached skill level 9 in Axes
  5663 | D:8      | Reached ** piety under Makhleb
  5681 | D:8      | Reached skill level 10 in Axes
  6042 | D:9      | Noticed a manticore
  6051 | D:9      | Killed a manticore
  6052 | D:9      | Reached skill level 11 in Axes
  6094 | D:9      | HP: 2/78 [acid dragon (5)]
  6097 | D:9      | Reached XP level 10. HP: 13/84 MP: 12/12
  6306 | D:9      | Reached skill level 5 in Invocations
  6333 | D:9      | Reached *** piety under Makhleb
  6335 | D:9      | Found a staircase to the Lair.
  6410 | D:9      | Paralysed by a hornet for 3 turns
  6430 | D:8      | Paralysed by a hornet for 2 turns
  6436 | D:8      | Paralysed by a hornet for 3 turns
  6438 | D:8      | HP: 3/84 [hornet (5)]
  6440 | D:8      | Reached skill level 12 in Axes
  6817 | D:9      | Found a staircase to the Orcish Mines.
  6852 | D:9      | Noticed a four-headed hydra
  6871 | D:9      | Killed a five-headed hydra
  6935 | Orc:1    | Entered Level 1 of the Orcish Mines
  7007 | Orc:2    | Entered Level 2 of the Orcish Mines
  7121 | Orc:1    | Reached skill level 13 in Axes
  7205 | Orc:2    | Noticed an orc knight
  7214 | Orc:2    | Noticed an orc knight
  7215 | Orc:2    | Noticed an orc high priest
  7250 | Orc:2    | Noticed a sixfirhy
  7275 | Orc:1    | Killed an orc knight
  7291 | Orc:2    | Noticed a rust devil
  7291 | Orc:2    | Killed an orc high priest
  7292 | Orc:2    | Reached XP level 11. HP: 91/91 MP: 14/14
  7305 | Orc:2    | Slain by an orc knight

Illustrated notes

Levels and vault maps discovered:
D:1:      amcnicky_arrival_single_pillar, layout_basic,
          chequers_serial_rivers_marsh, minmay_misc_feat_columns,
          grunt_decor_fettered
D:2:      layout_basic, chequers_serial_rivers_small_3, uniq_jessica
D:3:      layout_loops_cross, hellmonk_ecumenical_altar_blasted
D:4:      layout_rooms, minmay_temple_entry_large_hall
D:5:      layout_cave_pools, vehumet_crystals, nicolae_hepliaklqana_hazy_memory,
          serial_glass, glass_columns_b, glass_columns_b
D:6:      layout_loops_corners, kennysheep_mini_moat, uniq_pikel
D:7:      layout_basic
D:8:      layout_basic
D:9:      layout_basic, erik_lair_island, orc_0_dummy
Temple:   nicolae_temple_x_marks_the_god
Orc:1:    layout_diamond_mine, basic_altar, uniq_jorgrun
Orc:2:    st_orc_elflike, layout_diamond_mine, bh_open_orc_temple

Skill      XL: |  1  2  3  4  5  6  7  8  9 10 |
---------------+-------------------------------+-----
Axes           | 3 4 5 6 8 11 13 | 13.5
Dodging        | 1 2 3 5 7 8 |  8.6
Fighting       | 4 5 6 |  6.4
Armour         | 4 5 6 |  6.2
Shields        | 4 5 6 |  6.4
Invocations    | 2 4 6 |  6.4

Action                   |  1- 3 |  4- 6 |  7- 9 | 10-12 || total
-------------------------+-------+-------+-------+-------++-------
Melee: War axe           |    65 |    52 |   281 |   145 ||   543
       Headbutt          |     7 |     8 |    64 |    33 ||   112
Invok: Lesser Servant of |       |       |       |     4 ||     4
       Minor Destruction |       |       |       |     2 ||     2
  Use: Scroll            |       |     5 |       |       ||     5
       Potion            |       |     1 |     1 |     1 ||     3
Armor: Scale mail        |    43 |    20 |   131 |    54 ||   248
       Plate armour      |       |       |       |    26 ||    26
Dodge: Dodged            |    40 |    40 |   177 |   117 ||   374
Block: Buckler           |    18 |    15 |    78 |       ||   111
       Kite shield       |       |       |    23 |    98 ||   121
